 Dungeon Crawl Stone Soup version 0.28.0-53-g5a82cb258f (webtiles) character file.

Game seed: 4549426325484496885

104169 kerlis the Fencer (level 15, -6/150 HPs)
             Began as a Minotaur Berserker on July 13, 2022.
             Was the Champion of Trog.
             Killed from afar by Mara (illusionary) (12 damage)
             ... with a bolt of fire
             ... on level 4 of the Swamp on Aug 7, 2022.
             The game lasted 01:26:49 (22701 turns).

kerlis the Fencer (Minotaur Berserker)             Turns: 22701, Time: 01:26:50

Health: -6/150     AC: 26    Str: 31    XL:     15   Next: 91%
Magic:  13/14      EV: 29    Int:  2    God:    Trog [******]
Gold:   1925       SH:  3    Dex:  9    Spells: 14/14 levels left

rFire   + + .      SeeInvis .   I - +7 double sword "Koedisel" {flame, +Blink Str+3 Int-4}
rCold   + . .      Faith    .   S - +0 buckler
rNeg    + . .      Spirit   .   s - +7 scale mail "Qajaabrotol" {Drain rElec rF+ rC+ Regen+}
rPois   +          Reflect  .   j - +2 hat
rElec   +          Harm     .   D - scarf {shadows}
rCorr   +          Rampage  .   U - +2 pair of gloves {hurl}
Will    +....                   y - +2 pair of boots "Ygexzaiz" {*Slow rElec rN+}
Stlth   ..........              b - amulet of the acrobat
HPRegen 1.15/turn               F - ring of poison resistance
MPRegen 0.14/turn               p - ring of Xom's Condemnation {rF+ rCorr Slay+5}

@: silenced (expiring), acrobatic, on blink cooldown
A: horns 2, retaliatory headbutt
a: Renounce Religion, Evoke Blink


You were on level 4 of the Swamp.
You worshipped Trog.
Trog was exalted by your worship.
You visited 4 branches of the dungeon, and saw 22 of its levels.

You collected 2161 gold pieces.
You spent 236 gold pieces at shops.

Inventory:

Hand Weapons
 x - a +4 vorpal triple sword
 z - a +4 vorpal great sword
 I - the +7 double sword "Koedisel" (weapon) {flame, +Blink Str+3 Int-4}
   (Trog gifted it to you on level 3 of the Lair of Beasts)

   It burns those it strikes, dealing additional fire damage.
   Big, fiery blades are also staple armaments of hydra-hunters.
   Str:       It affects your strength (+3).
   Int:       It affects your intelligence (-4).
   +Blink:    It lets you blink.
 Q - the +7 lajatang of Twilight {vorpal, rF+ rN++}
   (Trog gifted it to you on level 2 of the Swamp)

   It inflicts extra damage upon your enemies.
   rF:        It protects you from fire.
   rN:        It greatly protects you from negative energy.
Missiles
 l - 5 throwing nets (quivered)
Armour
 j - a +2 hat (worn)
 s - the +7 scale mail "Qajaabrotol" (worn) {Drain rElec rF+ rC+ Regen+}
   (You found it on level 3 of the Dungeon)

   rF:        It protects you from fire.
   rC:        It protects you from cold.
   rElec:     It insulates you from electricity.
   Regen:     It increases your rate of health regeneration.
   Drain:     It drains your maximum health when unequipped.
 y - the +2 pair of boots "Ygexzaiz" (worn) {*Slow rElec rN+}
   (You found it on level 6 of the Dungeon)

   rElec:     It insulates you from electricity.
   rN:        It protects you from negative energy.
   *Slow:     It may slow you when you take damage.
 D - a scarf of shadows (worn)
 R - a +0 crystal plate armour
 S - a +0 buckler (worn)
 U - a +2 pair of gloves of hurling (worn)
Jewellery
 b - an amulet of the acrobat (around neck)
 n - a +4 ring of evasion
 p - the ring of Xom's Condemnation (right hand) {rF+ rCorr Slay+5}
   (You found it on level 10 of the Dungeon)

   [ring of resist corrosion]

   Slay:      It affects your accuracy & damage with ranged weapons and melee
   (+5).
   rF:        It protects you from fire.
   rCorr:     It protects you from acid and corrosion.
 q - a ring of protection from cold
 t - a +4 ring of slaying
 C - a ring of protection from fire
 F - a ring of poison resistance (left hand)
 J - a ring of positive energy
 L - an amulet of reflection
 M - a ring of protection from fire
Wands
 c - a wand of polymorph (22)
 v - a wand of flame (58)
 B - a wand of iceblast (17)
 H - a wand of paralysis (19)
Scrolls
 e - 2 scrolls of silence
 i - 4 scrolls of magic mapping
 k - 7 scrolls of teleportation
 r - 6 scrolls of enchant armour
 A - 2 scrolls of identify
 E - a scroll of blinking
 G - a scroll of holy word {unknown}
 K - a scroll of enchant weapon
 P - 2 scrolls of fear
Potions
 a - 3 potions of berserk rage
 d - 3 potions of might
 f - 4 potions of flight
 g - 6 potions of heal wounds
 m - 5 potions of haste
 o - 8 potions of curing
 u - a potion of magic {unknown}
 w - 3 potions of cancellation
 T - a potion of resistance {unknown}
Miscellaneous
 N - a tin of tremorstones (2/2)
 O - a lightning rod (4/4)


   Skills:
 + Level 18.7 Fighting
 + Level 20.2 Long Blades
 + Level 14.6 Armour
 + Level 13.3 Dodging
 + Level 3.7 Stealth
 + Level 0.7 Shields
 - Level 0.8 Evocations


You had 14 spell levels left.
You didn't know any spells.
Your spell library was empty.

Dungeon Overview and Level Annotations

Branches:
Dungeon (10/15)            Temple (0/1) D:6            Lair (6/6) D:10
  Swamp (4/4) Lair:2        Snake (0/4) Lair:4        Slime (0/5) Lair:5
    Orc (2/2) D:9             Elf (0/3) Orc:2

Altars:
Gozag
Kikubaaqudgha
Beogh

Shops:
D:2 !?   D:4 [   D:8 *   Orc:2 (:!

Annotations:
D:5 2 transporters
Lair:2 3 runed translucent doors, Tefol's ghost, journeyman HuIE
Swamp:4 Mara
Orc:1 2 transporters


Innate Abilities, Weirdness & Mutations

You have a pair of horns on your head.
You reflexively headbutt those who attack you in melee.


Message History

Unknown command.
You hit Mara but do no damage.
Mara is heavily wounded.
The forest fire spreads!
Unknown command.
You slice Mara!!
Mara is severely wounded.
Kerlis's illusion hits you!!
* * * LOW HITPOINT WARNING * * *
Kerlis's illusion burns you.
* * * LOW HITPOINT WARNING * * *
Mara hits you with a +0 demon trident of flaming!
* * * LOW HITPOINT WARNING * * *
The eight-headed hydra simulacrum bites you but does no damage.
The eight-headed hydra simulacrum misses you.
The eight-headed hydra simulacrum bites you but does no damage.
The eight-headed hydra simulacrum closely misses you.
The eight-headed hydra simulacrum bites you but does no damage.
The eight-headed hydra simulacrum bites you.
* * * LOW HITPOINT WARNING * * *
The eight-headed hydra simulacrum freezes you!
You resist.
* * * LOW HITPOINT WARNING * * *
The eight-headed hydra simulacrum closely misses you.
The eight-headed hydra simulacrum bites you.
* * * LOW HITPOINT WARNING * * *
The eight-headed hydra simulacrum freezes you!
You resist.
* * * LOW HITPOINT WARNING * * *
You blink.
Found 20 stones.
Unknown command.
Magic scrolls do not work when you're silenced!
You enter the shallow water.
Moving in this stuff is going to be slow.
Mara shimmers.
Mara shimmers and seems to become three!
Mara blinks!
Mara gestures at you. The bolt of fire hits you! You resist.
You die...

.≈.≈♣♣ .≈..≈♣♣♣
.♣≈≈≈≈.♣♣ ≈.♣ ≈..♣.♣≈.
♣♣♣≈.≈†≈♣≈.≈.≈♣♣.♣≈...§
♣≈≈.≈†♣.......≈.≈...≈.
♣.††♣♣≈♣♣♣≈.§≈....≈..
♣♣≈.♣♣ ≈♣♣≈♣.≈♣..≈..
....♣ ≈≈ ♣≈.≈.≈≈.♣♣ .
.≈≈.♣ ≈≈♣♣....≈@≈≈♣..
≈♣♣≈♣♣ ≈≈♣♣≈...§.≈≈.(.≈
♣♣♣.≈♣ ♣≈♣♣..≈...≈≈...≈
♣....♣♣♣♣≈.≈≈@..§...≈≈.
≈≈.§≈♣.♣♣♣..........≈≈.
♣..≈♣.≈.(♣≈..R≈..≈...♣≈
♣♣.♣♣♣♣..≈R..RZ....♣♣.
♣♣♣ ♣♣.♣.....≈≈....
♣♣.≈≈§....≈≈.♣♣♣


You could see 3 Maras, kerlis's illusion and an eight-headed hydra simulacrum.

Vanquished Creatures
  A fenstrider witch (Swamp:2)
  An emperor scorpion (Lair:3)
  2 ghouls (Swamp:2)
  3 eleionomae
  3 bunyips
  Snorg (Lair:4)
  A fire dragon (Lair:6)
  The ghost of kerlis the Impaler, a journeyman MiBe of Trog (Orc:1)
  2 boulder beetles
  A spriggan air mage (Swamp:4)
  10 hydras
  Harold (Lair:1)
  A catoblepas (Lair:6)
  A centaur warrior (D:10)
  4 two-headed ogres
  10 alligators
  A death yak (Lair:3)
  3 orc high priests (Orc:2)
  A spriggan berserker (Swamp:4)
  4 goliath frogs
  2 spriggan druids
  6 swamp dragons
  7 bog bodies
  A lindwurm (Lair:6)
  The ghost of turdburglar the Slasher, a novice DsMo of Makhleb (D:6)
  3 orc knights (Orc:2)
  A manticore (D:9)
  3 orc sorcerers (Orc:2)
  An oklob plant (Lair:6)
  2 cyclopes
  3 will-o-the-wisps
  13 elephants
  Joseph (D:8)
  7 black mambas
  3 molten gargoyles (Lair:6)
  A torpor snail (Lair:3)
  19 cane toads
  An unseen horror (D:7)
  11 komodo dragons
  4 rime drakes
  A polar bear (Lair:1)
  12 tyrant leeches
  7 trolls
  5 hornets
  3 slime creatures (Lair:5)
  23 blink frogs
  Sigmund (D:3)
  8 spriggans
  32 yaks
  10 basilisks
  13 wyverns
  Grum (D:8)
  5 steam dragons
  6 vampire mosquitoes
  8 swamp worms
  6 water moccasins
  5 hell hounds (Lair:6)
  44 orc warriors
  2 sky beasts
  5 swamp drakes
  2 ice beasts
  3 black bears
  A necrophage (D:7)
  11 wolves
  15 ogres
  5 centaurs
  2 phantoms
  3 kobold brigands (D:9)
  12 bullfrogs
  2 scorpions (D:6)
  A gnoll sergeant (D:10)
  2 water moccasin zombies (D:6)
  3 wyvern skeletons
  2 water moccasin skeletons
  10 killer bees
  7 wights
  A spectral ogre (Orc:1)
  3 electric eels
  A howler monkey (D:9)
  5 lava snakes (Lair:6)
  5 centaur zombies
  A bullfrog zombie (D:5)
  A centaur skeleton (D:6)
  3 hounds
  29 orc priests
  2 jellies
  A bullfrog skeleton (D:6)
  4 hell rats (Lair:6)
  An iguana (D:5)
  18 orc wizards
  A killer bee zombie (D:6)
  2 spectral orcs (Orc:1)
  8 adders
  8 gnolls
  2 shadow imps (D:7)
  4 white imps
  4 orc simulacra (Orc:1)
  3 worms
  4 dart slugs
  103 orcs
  4 ball pythons
  5 endoplasms
  2 giant cockroaches (D:1)
  11 goblins
  5 hobgoblins
  12 jackals
  3 quokkas
  4 bats
  5 frilled lizards
  21 kobolds
  3 rats
709 creatures vanquished.

Vanquished Creatures (collateral kills)
  An orc warlord (Orc:2)
  2 hydras (Lair:6)
  An orc high priest (Orc:2)
  A cane toad (Lair:6)
  A rime drake (Lair:6)
  A komodo dragon (Lair:6)
  A troll (Orc:2)
  2 basilisks (Lair:6)
  A wyvern (Lair:6)
  A hell hound (Lair:6)
  6 orc warriors (Orc:2)
  An ogre (Orc:2)
  2 orc priests (Orc:2)
  2 hell rats (Lair:6)
  4 orcs (Orc:2)
27 creatures vanquished.

Vanquished Creatures (others)
  A will-o-the-wisp (Swamp:1)
  A bloated husk (Swamp:1)
  4 vampire mosquitoes (Swamp:4)
  A swamp worm (Swamp:1)
  A spectral orc (Orc:1)
  13 foxfires
  22 fungi
  23 plants
66 creatures vanquished.

Grand Total: 802 creatures vanquished

Notes
Turn   | Place    | Note
-------+----------+-------------------------------------------
     0 | D:1      | kerlis the Minotaur Berserker began the quest for the Orb.
     0 | D:1      | Reached XP level 1. HP: 19/19 MP: 0/0
   240 | D:1      | Reached skill level 4 in Long Blades
   240 | D:1      | Reached XP level 2. HP: 27/27 MP: 1/1
   724 | D:1      | Reached XP level 3. HP: 33/33 MP: 2/2
   790 | D:1      | Reached ** piety under Trog
  1373 | D:2      | Reached skill level 5 in Long Blades
  1493 | D:2      | Reached XP level 4. HP: 19/41 MP: 3/3
  1692 | D:2      | Found Xotof's Magic Scroll Emporium.
  1818 | D:2      | Found Cogriu's Distillery.
  1828 | D:2      | Bought a potion of heal wounds for 50 gold pieces
  1927 | D:2      | You fall into a shaft and drop 2 floors!
  2009 | D:4      | Found Luthykku's Antique Armour Shop.
  2028 | D:4      | Reached XP level 5. HP: 47/47 MP: 4/4
  2235 | D:4      | Reached skill level 6 in Long Blades
  3023 | D:5      | Entered Level 5 of the Dungeon
  3059 | D:5      | Reached skill level 5 in Fighting
  3059 | D:5      | Reached XP level 6. HP: 43/56 MP: 5/5
  3173 | D:5      | Reached skill level 1 in Stealth
  3440 | D:5      | Reached skill level 7 in Long Blades
  3545 | D:5      | Reached XP level 7. HP: 61/61 MP: 6/6
  3586 | D:5      | Found a transporter.
  3608 | D:5      | Found a transporter.
  4075 | D:5      | Reached skill level 8 in Long Blades
  4262 | D:3      | Identified the +7 scale mail "Qajaabrotol" {Drain rElec rF+
                  | rC+ Regen+}
  4278 | D:3      | Noticed Sigmund
  4292 | D:3      | Killed Sigmund
  4390 | D:3      | Reached *** piety under Trog
  4403 | D:3      | Reached skill level 5 in Dodging
  5453 | D:2      | Bought a scroll of teleportation for 36 gold pieces
  5453 | D:2      | Bought a scroll of enchant armour for 90 gold pieces
  5453 | D:2      | Bought a scroll of identify for 24 gold pieces
  5564 | D:6      | Reached XP level 8. HP: 70/70 MP: 7/7
  5601 | D:6      | Noticed a two-headed ogre
  5616 | D:6      | Killed a two-headed ogre
  5617 | D:6      | Reached skill level 9 in Long Blades
  5617 | D:6      | Reached skill level 5 in Armour
  5623 | D:6      | Reached skill level 10 in Long Blades
  5626 | D:6      | Reached XP level 9. HP: 64/78 MP: 8/8
  5698 | D:6      | Found a runed translucent gate.
  5698 | D:6      | Noticed turdburglar's ghost (novice DsMo)
  5702 | D:6      | Found a runed translucent gate.
  5703 | D:6      | Found a runed translucent gate.
  5933 | D:6      | Found an opulent altar of Gozag.
  6022 | D:6      | Found an ancient bone altar of Kikubaaqudgha.
  6200 | D:6      | Found a staircase to the Ecumenical Temple.
  6266 | D:6      | Reached skill level 11 in Long Blades
  6282 | D:6      | Killed turdburglar's ghost
  6323 | D:6      | Identified the +2 pair of boots "Ygexzaiz" {*Slow rElec
                  | rN+}
  6566 | D:7      | Reached **** piety under Trog
  6567 | D:7      | Reached XP level 10. HP: 88/88 MP: 9/9
  6599 | D:7      | Noticed a cyclops
  6609 | D:7      | Killed a cyclops
  6610 | D:7      | Reached skill level 12 in Long Blades
  7370 | D:8      | Noticed Joseph
  7386 | D:8      | Killed Joseph
  7427 | D:8      | Noticed Grum
  7441 | D:8      | Killed Grum
  7623 | D:8      | Found Geem's Fire Supplies.
  7883 | D:8      | Reached skill level 13 in Long Blades
  8304 | D:9      | Reached ***** piety under Trog
  8317 | D:9      | Found a staircase to the Orcish Mines.
  8704 | D:9      | Noticed a manticore
  8714 | D:9      | Killed a manticore
  8975 | D:9      | Reached XP level 11. HP: 97/97 MP: 10/10
  9139 | Orc:1    | Entered Level 1 of the Orcish Mines
  9260 | Orc:1    | Found a runed translucent gate.
  9260 | Orc:1    | Found a runed translucent gate.
  9260 | Orc:1    | Found a runed translucent gate.
  9676 | Orc:1    | Noticed kerlis's ghost (journeyman MiBe)
  9690 | Orc:2    | Entered Level 2 of the Orcish Mines
  9761 | Orc:2    | Noticed a two-headed ogre
  9770 | Orc:2    | Killed a two-headed ogre
  9771 | Orc:2    | Reached skill level 14 in Long Blades
  9771 | Orc:2    | Reached skill level 10 in Armour
  9794 | Orc:2    | Noticed a two-headed ogre
  9807 | Orc:2    | Killed a two-headed ogre
  9872 | Orc:2    | Noticed a two-headed ogre
  9890 | Orc:2    | Killed a two-headed ogre
 10104 | Orc:2    | Reached skill level 10 in Fighting
 10351 | Orc:2    | Noticed an orc sorcerer
 10351 | Orc:2    | Noticed an orc sorcerer
 10361 | Orc:2    | Noticed a sixfirhy
 10365 | Orc:2    | Killed an orc sorcerer
 10372 | Orc:2    | Killed an orc sorcerer
 10390 | Orc:2    | Received a gift from Trog
 10620 | Orc:2    | Found a staircase to the Elven Halls.
 10811 | Orc:2    | Found Temir's Antique Weapon Emporium.
 10811 | Orc:2    | Noticed an orc knight
 10820 | Orc:2    | Killed an orc knight
 10825 | Orc:2    | Reached skill level 15 in Long Blades
 10864 | Orc:2    | Found Qotsunoh's Book Shoppe.
 10864 | Orc:2    | Noticed an orc knight
 10877 | Orc:2    | Killed an orc knight
 10900 | Orc:2    | Reached XP level 12. HP: 72/110 MP: 11/11
 10991 | Orc:2    | Reached ****** piety under Trog
 11527 | Orc:2    | Noticed an orc warlord
 11539 | Orc:2    | Killed an orc warlord
 11577 | Orc:2    | Found Vakhio's Distillery.
 11577 | Orc:2    | Noticed an orc high priest
 11619 | Orc:2    | Killed an orc high priest
 11708 | Orc:2    | Bought a potion of curing for 36 gold pieces
 11739 | Orc:2    | Noticed an orc high priest
 11773 | Orc:2    | Killed an orc high priest
 11824 | Orc:2    | Noticed an orc high priest
 11864 | Orc:2    | Killed an orc high priest
 11865 | Orc:2    | Reached skill level 10 in Dodging
 12038 | Orc:2    | Noticed an orc high priest
 12041 | Orc:2    | Found Xowodaim's Jewellery Shoppe.
 12046 | Orc:2    | Killed an orc high priest
 12438 | Orc:1    | Found a transporter.
 12443 | Orc:1    | Noticed an orc warlord
 12444 | Orc:1    | Noticed a two-headed ogre
 12445 | Orc:1    | Noticed a two-headed ogre
 12445 | Orc:1    | Noticed an orc high priest
 12446 | Orc:1    | Noticed a two-headed ogre
 12448 | Orc:1    | Noticed a two-headed ogre
 12449 | Orc:1    | Found a transporter.
 12449 | Orc:1    | Noticed an ettin
 12583 | Orc:1    | Killed kerlis's ghost
 12584 | Orc:1    | Reached skill level 16 in Long Blades
 12677 | D:10     | Entered Level 10 of the Dungeon
 12907 | D:10     | Identified the ring of Xom's Condemnation {rF+ rCorr
                  | Slay+5}
 12920 | D:10     | Noticed a centaur warrior
 12932 | D:10     | Killed a centaur warrior
 12958 | D:10     | Received a gift from Trog
 13150 | D:10     | Found a staircase to the Lair.
 13187 | D:10     | Reached XP level 13. HP: 121/122 MP: 12/12
 13399 | Lair:1   | Entered Level 1 of the Lair of Beasts
 13483 | Lair:1   | Noticed Harold
 13489 | Lair:1   | Killed Harold
 14095 | Lair:2   | Found a staircase to the Swamp.
 14126 | Lair:2   | Found a runed translucent gate.
 14126 | Lair:2   | Found a runed translucent gate.
 14126 | Lair:2   | Found a runed translucent gate.
 14150 | Lair:2   | Noticed Tefol's ghost (journeyman HuIE)
 14957 | Lair:3   | Reached skill level 17 in Long Blades
 15399 | Lair:3   | Noticed an emperor scorpion
 15399 | Lair:3   | a five-headed hydra changed into an emperor scorpion
 15412 | Lair:3   | Killed an emperor scorpion
 15412 | Lair:3   | Identified the +7 double sword "Koedisel" {flame, +Blink
                  | Str+3 Int-4} (Trog gifted it to you on level 3 of the Lair
                  | of Beasts)
 15412 | Lair:3   | Received a gift from Trog
 15444 | Lair:3   | Lost intelligence.
 16182 | Lair:4   | Noticed Snorg
 16185 | Lair:4   | Killed Snorg
 16375 | Lair:4   | Reached skill level 18 in Long Blades
 16532 | Lair:4   | Found a staircase to the Snake Pit.
 16588 | Lair:4   | Reached skill level 15 in Fighting
 17120 | Lair:5   | Reached XP level 14. HP: 135/135 MP: 13/13
 17516 | Lair:5   | Found a staircase to the Slime Pits.
 18100 | Lair:6   | Entered Level 6 of the Lair of Beasts
 18146 | Lair:6   | Received a gift from Trog
 18510 | Lair:6   | Found a large runed translucent door.
 18510 | Lair:6   | Found a large runed translucent door.
 18795 | Lair:6   | Reached skill level 19 in Long Blades
 18931 | Lair:6   | Received a gift from Trog
 19479 | Swamp:1  | Entered Level 1 of the Swamp
 19819 | Swamp:1  | Reached XP level 15. HP: 147/147 MP: 14/14
 20475 | Swamp:2  | Noticed a fenstrider witch
 20561 | Swamp:2  | Killed a fenstrider witch
 20564 | Swamp:2  | Identified the +7 lajatang of Twilight {vorpal, rF+ rN++}
                  | (Trog gifted it to you on level 2 of the Swamp)
 20564 | Swamp:2  | Received a gift from Trog
 21498 | Swamp:3  | Reached skill level 20 in Long Blades
 22163 | Swamp:4  | Entered Level 4 of the Swamp
 22680 | Swamp:4  | Noticed Mara
 22687 | Swamp:4  | Noticed kerlis's illusion
 22697 | Swamp:4  | HP: 1/150 [eight-headed hydra simulacrum (12)]
 22701 | Swamp:4  | Killed from afar by Mara (illusionary)

Illustrated notes

Levels and vault maps discovered:
D:1:      dpeg_arrival_boxes_within_box, layout_loops_ring, hex_large,
          minmay_octomino_c4
D:2:      layout_rooms, serial_shops, nicolae_lakefront_shop,
          nicolae_shop_temple_entry_statues_fountains
D:3:      layout_loops_cross, uniq_sigmund
D:4:      layout_loops_cross, serial_shops, nicolae_square_shop
D:5:      gammafunk_steamed_eel, layout_basic, hellmonk_bongcloud_opening
D:6:      layout_rooms, nicolae_overflow_hidden_temple,
          nicolae_kikubaaqudgha_miasma_corner,
          minmay_temple_entry_enclosed_plants, biasface_ghost_orc_armoury,
          minmay_divided_ellipse
D:7:      layout_basic, minivault_4
D:8:      layout_basic, nicolae_shop_fire_sale [nicolae_sub_dead_trees],
          uniq_joseph, uniq_grum
D:9:      layout_long_grid, erik_orc_3, minmay_statues_item
D:10:     layout_cave_pools, dpeg_oklobed_lair, the_hattery
Lair:1:   layout_regular_city, gauntlet_entry_generic, grunt_megastairs_3,
          infiniplex_staircase_pool, uniq_harold
Lair:2:   layout_roguey, swamp_mist, ebering_ghost_rock_garden,
          serial_bayou_shore_b
Lair:3:   layout_cave_pods, serial_rivers, chequers_serial_rivers_micro_d,
          chequers_serial_rivers_marsh, chequers_serial_rivers_small_b,
          chequers_serial_rivers_small_3, grunt_megastairs_2
Lair:4:   layout_regular_city, dummy_snake_entry, lemuel_fruit_fields,
          uniq_snorg
Lair:5:   layout_regular_city, minmay_slime_entry_pillars
Lair:6:   cheibrodos_lair_end_hotspot, layout_misc_corridors, special_room
          [special_room_mythical_zoo], minmay_lair_oklob_items,
          nicolae_quartered_pool_super, infiniplex_staircase_pool_2
Swamp:1:  layout_falls_marsh, serial_swamp_ruin, evilmike_swamp_ruin_house_5,
          evilmike_swamp_ruin_wall
Swamp:2:  layout_basic_swamp, evilmike_swamp_ruin_house_2
Swamp:3:  layout_basic_swamp, hangedman_swamp_lotus, swamp_pool1,
          nicolae_swamp_orc_logging_accident
Swamp:4:  swamp_icy, layout_basic_swamp, swamp_pool5,
          nicolae_swamp_triple_paths, uniq_louise, uniq_mara
Orc:1:    gammafunk_beogh_shrine, layout_diamond_mine,
          gammafunk_ghost_necromancy, nicolae_orc_lava_tube
Orc:2:    pubby_orc_utopia

Skill      XL: |  1  2  3  4  5  6  7  8  9 10 11 12 13 14 15 |
---------------+----------------------------------------------+-----
Long Blades    | 4 5 6 7 8 10 11 13 15 16 18 19 20 | 20.2
Fighting       | 4 5 6 7 9 11 13 15 17 18 | 18.7
Dodging        | 3 4 5 6 7 9 10 11 12 13 | 13.3
Stealth        | 1 2 3 |  3.7
Armour         | 3 6 8 9 10 11 12 13 14 | 14.6
Shields        | |  0.7
Evocations     | |  0.8

Action                   |  1- 3 |  4- 6 |  7- 9 | 10-12 | 13-15 || total
-------------------------+-------+-------+-------+-------+-------++-------
Melee: Falchion          |    77 |    78 |   197 |       |       ||   352
       Headbutt          |     9 |    16 |    49 |   171 |   142 ||   387
       Punch             |       |     3 |     2 |    15 |     6 ||    26
       Long sword        |       |       |    71 |   763 |       ||   834
       Great sword       |       |       |       |    27 |   125 ||   152
       Double sword      |       |       |       |       |   573 ||   573
Invok: Berserk           |       |     2 |     1 |     6 |     2 ||    11
       Trog's Hand       |       |     1 |     1 |     3 |     2 ||     7
       Brothers in Arms  |       |       |       |     2 |     2 ||     4
 Abil: Evoke Blink       |       |       |       |       |     3 ||     3
Evoke: Wand              |       |       |       |     1 |     9 ||    10
  Use: Scroll            |     1 |     3 |     1 |    10 |     7 ||    22
       Potion            |       |       |       |     1 |       ||     1
Armor: Animal skin       |    29 |    18 |       |       |       ||    47
       Scale mail        |       |       |   116 |   286 |   417 ||   819
       Ring mail         |       |       |     9 |       |       ||     9
Dodge: Dodged            |    67 |    70 |   271 |   702 |   751 ||  1861
Block: Buckler           |       |       |       |       |     7 ||     7
